NCAA
NORTH CAROLINA TAR HEELS @ TEXAS TECH RED RAIDERS
04/11/2025
 
TOP OF THE 1ST
North Carolina Tar Heels batting - Pitching for Texas Tech Red Raiders : RHP Ronnie Jefferson
Pitching: RHP Ronnie Jefferson
Batting: SHB Rod Good 0-0: Called Strike
0-1: Ball
1-1: Ball
2-1: Swinging Strike
2-2: Ball
3-2: Strikes out swinging
Batting: LHB Michael Edwards 0-0: Ball
1-0: Foul Ball, location: 2F
1-1: Swinging Strike
1-2: Strikes out swinging
Batting: LHB Ronald Gordon 0-0: Swinging Strike
0-1: Foul Ball, location: 2F
0-2: Ground out 4-3 (Groundball, 4)
Top of the 1st over - 0 run(s), 0 hit(s), 0 error(s), 0 left on base; North Carolina 0 - Texas Tech 0
BOTTOM OF THE 1ST
Texas Tech Red Raiders batting - Pitching for North Carolina Tar Heels : RHP Stan Payne
Pitching: RHP Stan Payne
Batting: SHB Mike Miller 0-0: Ball
1-0: Foul Ball, location: 2F
1-1: Fly out, F9 (Line Drive, 9M)
Batting: RHB Greg Hansen 0-0: Ball
1-0: Ball
2-0: Ball
3-0: Called Strike
3-1: Base on Balls
Batting: RHB Donovan James 0-0: Called Strike
0-1: Foul Ball, location: 2F
0-2: Strikes out swinging
Batting: RHB Gary Miller 0-0: Fielders Choice at 2nd, U4 (Groundball, 4M)
Bottom of the 1st over - 0 run(s), 0 hit(s), 0 error(s), 1 left on base; North Carolina 0 - Texas Tech 0
TOP OF THE 2ND
North Carolina Tar Heels batting - Pitching for Texas Tech Red Raiders : RHP Ronnie Jefferson
Batting: LHB José Morales 0-0: Ball
1-0: Foul Ball, location: 2F
1-1: Ball
2-1: Swinging Strike
2-2: Foul Ball, location: 2F
2-2: Foul Ball, location: 2F
2-2: Foul Ball, location: 2F
2-2: Ball
3-2: SOLO HOME RUN (Flyball, 9D), Distance : 358 ft
Batting: RHB Derek Scott 0-0: Ball
1-0: Swinging Strike
1-1: SINGLE (Groundball, 56)
Batting: LHB Will Robinson 0-0: Ground out 3-1 (Groundball, 34)
Derek Scott to second
Batting: RHB Neal Foster 0-0: Ball
1-0: Called Strike
1-1: Ball
2-1: Called Strike
2-2: Foul Ball, location: 2F
2-2: Strikes out swinging
Batting: RHB Preston Wooten 0-0: Foul Ball, location: 2F
0-1: Called Strike
0-2: Strikes out looking
Top of the 2nd over - 1 run(s), 2 hit(s), 0 error(s), 1 left on base; North Carolina 1 - Texas Tech 0
BOTTOM OF THE 2ND
Texas Tech Red Raiders batting - Pitching for North Carolina Tar Heels : RHP Stan Payne
Batting: LHB Jeff Barnes 0-0: Ball
1-0: Ball
2-0: Called Strike
2-1: Swinging Strike
2-2: Ball
3-2: Base on Balls
Batting: RHB Jorge Calderón 0-0: Foul Ball, location: 2F
0-1: Ball
1-1: Ball
2-1: Ground out U3 (Groundball, 3S)
Jeff Barnes to second
Batting: RHB Ralph Wells 0-0: Called Strike
0-1: Ball
1-1: Called Strike
1-2: Ball
2-2: Foul Ball, location: 2F
2-2: Foul Ball, location: 2F
2-2: Ball
3-2: Base on Balls
Batting: RHB Mark Joseph 0-0: Foul Ball, location: 2F
0-1: Swinging Strike
0-2: Ball
1-2: Ball
2-2: Foul Ball, location: 2F
2-2: Strikes out looking
Batting: RHB Lúcio Sánchez 0-0: Called Strike
0-1: Ball
1-1: Foul Ball, location: 2F
1-2: Strikes out swinging
Bottom of the 2nd over - 0 run(s), 0 hit(s), 0 error(s), 2 left on base; North Carolina 1 - Texas Tech 0
TOP OF THE 3RD
North Carolina Tar Heels batting - Pitching for Texas Tech Red Raiders : RHP Ronnie Jefferson
Batting: RHB Phil Johnson 0-0: Ball
1-0: Swinging Strike
1-1: Fly out, F9 (Flyball, 89M)
Batting: SHB Rod Good 0-0: Fly out, F8 (Flyball, 8RM)
Batting: LHB Michael Edwards 0-0: Ball
1-0: SINGLE (Line Drive, 4D)
Batting: LHB Ronald Gordon 0-0: Called Strike
0-1: Called Strike
0-2: Strikes out looking
Top of the 3rd over - 0 run(s), 1 hit(s), 0 error(s), 1 left on base; North Carolina 1 - Texas Tech 0
BOTTOM OF THE 3RD
Texas Tech Red Raiders batting - Pitching for North Carolina Tar Heels : RHP Stan Payne
Batting: SHB Mike Miller 0-0: Ball
1-0: Ball
2-0: Ball
3-0: Called Strike
3-1: Foul Ball, location: 2F
3-2: Base on Balls
Batting: RHB Greg Hansen 0-0: Ball
1-0: Swinging Strike
1-1: Hit by Pitch
Mike Miller to second
Batting: RHB Donovan James 0-0: Ball
Mike Miller is caught stealing 3rd base
Greg Hansen to second
1-0: Ball
2-0: Foul Ball, location: 2F
2-1: Foul Ball, location: 2F
2-2: Ball
3-2: Strikes out swinging
Batting: RHB Gary Miller 0-0: Called Strike
0-1: Ball
1-1: Foul Ball, location: 2F
1-2: Foul Ball, location: 2F
1-2: Strikes out swinging
Bottom of the 3rd over - 0 run(s), 0 hit(s), 0 error(s), 1 left on base; North Carolina 1 - Texas Tech 0
TOP OF THE 4TH
North Carolina Tar Heels batting - Pitching for Texas Tech Red Raiders : RHP Ronnie Jefferson
Batting: LHB José Morales 0-0: Ground out 5-3 (Groundball, 56)
Batting: RHB Derek Scott 0-0: Ball
1-0: Ball
2-0: Called Strike
2-1: Foul Ball, location: 2F
2-2: Strikes out swinging
Batting: LHB Will Robinson 0-0: SINGLE (Line Drive, 6M)
Batting: RHB Neal Foster 0-0: Ball
1-0: Called Strike
1-1: Called Strike
1-2: Foul Ball, location: 2F
1-2: Strikes out swinging
Top of the 4th over - 0 run(s), 1 hit(s), 0 error(s), 1 left on base; North Carolina 1 - Texas Tech 0
BOTTOM OF THE 4TH
Texas Tech Red Raiders batting - Pitching for North Carolina Tar Heels : RHP Stan Payne
Batting: LHB Jeff Barnes 0-0: Ball
1-0: Fly out, F6 (Line Drive, 6)
Batting: RHB Jorge Calderón 0-0: Called Strike
0-1: Ball
1-1: Ground out 6-3 (Groundball, 6)
Batting: RHB Ralph Wells 0-0: Ball
1-0: Foul Ball, location: 2F
1-1: Ball
2-1: Ball
3-1: Base on Balls
Batting: RHB Mark Joseph 0-0: Ball
1-0: 2-RUN HOME RUN (Flyball, 78XD), Distance : 381 ft
Batting: RHB Lúcio Sánchez 0-0: SINGLE (Groundball, 4MD)
Batting: SHB Mike Miller 0-0: Called Strike
0-1: Ball
1-1: Ball
2-1: Ball
3-1: Foul Ball, location: 2F
3-2: Foul Ball, location: 2F
3-2: Base on Balls
Lúcio Sánchez to second
Pitching: RHP Mike Allen
Batting: RHB Greg Hansen 0-0: Foul Ball, location: 2F
0-1: Swinging Strike
0-2: Ball
1-2: Ball
2-2: Foul Ball, location: 2F
2-2: Strikes out swinging
Bottom of the 4th over - 2 run(s), 2 hit(s), 0 error(s), 2 left on base; North Carolina 1 - Texas Tech 2
TOP OF THE 5TH
North Carolina Tar Heels batting - Pitching for Texas Tech Red Raiders : RHP Ronnie Jefferson
Batting: RHB Preston Wooten 0-0: Ball
1-0: Ball
2-0: Ball
3-0: Called Strike
3-1: Called Strike
3-2: Foul Ball, location: 2F
3-2: Ground out 5-3 (Groundball, 5)
Batting: RHB Phil Johnson 0-0: Called Strike
0-1: Ball
1-1: Ball
2-1: Swinging Strike
2-2: Foul Ball, location: 2F
2-2: Ball
3-2: Base on Balls
Batting: SHB Rod Good 0-0: Called Strike
0-1: Fielders Choice at 2nd, 2-4 (Groundball, 2L)
Batting: LHB Michael Edwards 0-0: Ball
1-0: Foul Ball, location: 2F
1-1: Foul Ball, location: 2F
1-2: Ground out 6-3 (Groundball, 6)
Top of the 5th over - 0 run(s), 0 hit(s), 0 error(s), 1 left on base; North Carolina 1 - Texas Tech 2
BOTTOM OF THE 5TH
Texas Tech Red Raiders batting - Pitching for North Carolina Tar Heels : RHP Mike Allen
Batting: RHB Donovan James 0-0: Swinging Strike
0-1: Called Strike
0-2: Foul Ball, location: 2F
0-2: Ball
1-2: Ball
2-2: Ball
3-2: Strikes out swinging
Batting: RHB Gary Miller 0-0: Called Strike
0-1: Fly out, F7 (Flyball, 7M)
Batting: LHB Jeff Barnes 0-0: Called Strike
0-1: Ball
1-1: Foul Ball, location: 2F
1-2: Ball
2-2: Strikes out swinging
Bottom of the 5th over - 0 run(s), 0 hit(s), 0 error(s), 0 left on base; North Carolina 1 - Texas Tech 2
TOP OF THE 6TH
North Carolina Tar Heels batting - Pitching for Texas Tech Red Raiders : RHP Ronnie Jefferson
Batting: LHB Ronald Gordon 0-0: Ball
1-0: SINGLE (Line Drive, 56D)
Batting: LHB José Morales 0-0: Ball
1-0: Swinging Strike
1-1: Fly out, F8 (Line Drive, 8LM)
Pitching: RHP Mike Moore
Batting: RHB Derek Scott 0-0: Called Strike
0-1: Ball
1-1: Swinging Strike
1-2: Ball
2-2: Strikes out swinging
Batting: LHB Will Robinson 0-0: Ball
1-0: Ball
2-0: Foul Ball, location: 2F
Reached via error on a dropped throw, E3
Ronald Gordon to second
Batting: RHB Neal Foster 0-0: Called Strike
0-1: Ground out 5-3 (Groundball, 56S)
Top of the 6th over - 0 run(s), 1 hit(s), 1 error(s), 2 left on base; North Carolina 1 - Texas Tech 2
BOTTOM OF THE 6TH
Texas Tech Red Raiders batting - Pitching for North Carolina Tar Heels : RHP Mike Allen
Batting: RHB Jorge Calderón 0-0: Foul Ball, location: 2F
0-1: Ball
1-1: Called Strike
1-2: Ball
2-2: Strikes out swinging
Batting: RHB Ralph Wells 0-0: Ball
1-0: Ball
2-0: Called Strike
2-1: SINGLE (Groundball, 6M)
Batting: RHB Mark Joseph 0-0: Ball
1-0: Fly out, F7 (Line Drive, 78S)
Batting: RHB Lúcio Sánchez 0-0: Ball
1-0: Ball
2-0: Foul Ball, location: 2F
2-1: Fly out, F9 (Flyball, 89M)
Bottom of the 6th over - 0 run(s), 1 hit(s), 0 error(s), 1 left on base; North Carolina 1 - Texas Tech 2
TOP OF THE 7TH
North Carolina Tar Heels batting - Pitching for Texas Tech Red Raiders : RHP Mike Moore
Batting: RHB Preston Wooten 0-0: Ball
1-0: Called Strike
1-1: Ball
2-1: Called Strike
2-2: DOUBLE (Groundball, 5L)
Pinch Hitting: RHB Fred Hubbard 0-0: Ball
1-0: Ball
2-0: Fly out, F7 (Popup, 7S)
Batting: SHB Rod Good 0-0: Hit by Pitch
Batting: LHB Michael Edwards 0-0: Ball
1-0: Called Strike
1-1: Called Strike
1-2: Fly out, F7 (Flyball, 78M)
Batting: LHB Ronald Gordon 0-0: Called Strike
0-1: Ball
1-1: Fly out, F8 (Flyball, 8RXD)
Top of the 7th over - 0 run(s), 1 hit(s), 0 error(s), 2 left on base; North Carolina 1 - Texas Tech 2
BOTTOM OF THE 7TH
Texas Tech Red Raiders batting - Pitching for North Carolina Tar Heels : RHP Mike Allen
Pitching: LHP Dave Rose
Now at 1B: Scott Wise
Batting: SHB Mike Miller 0-0: Ball
1-0: SINGLE (Groundball, 6)
Batting: RHB Greg Hansen 0-0: Ball
1-0: Bunted foul
1-1: Ball
2-1: Ball
3-1: Sac Bunt - play at first, batter OUT! 3-4
Mike Miller to second
Batting: RHB Donovan James 0-0: Intentional Walk
Batting: RHB Gary Miller 0-0: Ball
1-0: Swinging Strike
1-1: Foul Ball, location: 2F
1-2: Foul Ball, location: 2F
1-2: Strikes out swinging
Batting: LHB Jeff Barnes 0-0: SINGLE (Line Drive, 89S)
Mike Miller to third
Donovan James to second
Runner from 3rd tries for Home, SAFE, no throw or cutoff
Batting: RHB Jorge Calderón 0-0: Called Strike
0-1: Swinging Strike
0-2: Ball
1-2: Fly out, F3 (Line Drive, 3)
Bottom of the 7th over - 1 run(s), 2 hit(s), 0 error(s), 2 left on base; North Carolina 1 - Texas Tech 3
TOP OF THE 8TH
North Carolina Tar Heels batting - Pitching for Texas Tech Red Raiders : RHP Mike Moore
Batting: LHB José Morales 0-0: Ball
1-0: Ball
2-0: SINGLE (Groundball, 4MD)
Pitching: RHP Javier Carrillo
Batting: RHB Derek Scott 0-0: Ball
1-0: Called Strike
1-1: Called Strike
1-2: Grounds into double play, 5-4-3 (Groundball, 5)
Batting: LHB Will Robinson 0-0: Ball
1-0: Ball
2-0: Ball
3-0: Called Strike
3-1: Base on Balls
Batting: RHB Neal Foster 0-0: Ball
1-0: Fly out, F5 (Line Drive, 5)
Top of the 8th over - 0 run(s), 1 hit(s), 0 error(s), 1 left on base; North Carolina 1 - Texas Tech 3
BOTTOM OF THE 8TH
Texas Tech Red Raiders batting - Pitching for North Carolina Tar Heels : LHP Dave Rose
Batting: RHB Ralph Wells 0-0: Reached on error, E5 (Groundball, 5S)
Batting: RHB Mark Joseph 0-0: Bunted foul
0-1: Sac Bunt - play at second, runner OUT! 2-6
Batting: RHB Lúcio Sánchez 0-0: Fly out, F5 (Popup, 5SF)
Batting: SHB Mike Miller 0-0: Fly out, F8 (Flyball, 8LM)
Bottom of the 8th over - 0 run(s), 0 hit(s), 1 error(s), 1 left on base; North Carolina 1 - Texas Tech 3
TOP OF THE 9TH
North Carolina Tar Heels batting - Pitching for Texas Tech Red Raiders : RHP Javier Carrillo
Pitching: RHP Ronald Stone
Batting: RHB Preston Wooten 0-0: Ball
1-0: Called Strike
1-1: TRIPLE (Flyball, 9LM)
Pinch Hitting: RHB Tom Hogan 0-0: Ball
1-0: Called Strike
1-1: Swinging Strike
1-2: Fly out, F4 (Popup, 4D)
Batting: SHB Rod Good 0-0: Ball
1-0: Ball
2-0: Foul Ball, location: 2F
2-1: Foul Ball, location: 2F
2-2: Ball
3-2: Foul Ball, location: 2F
3-2: Strikes out swinging
Batting: LHB Michael Edwards 0-0: Called Strike
0-1: Foul Ball, location: 2F
0-2: Ball
1-2: Strikes out swinging
Top of the 9th over - 0 run(s), 1 hit(s), 0 error(s), 1 left on base; North Carolina 1 - Texas Tech 3
This league is powered by Out of the Park Baseball, the baseball management simulation game for PC, Mac and Linux
Tuesday, August 2nd, 2016 - OOTP Baseball 16.8 Build 38